 Dungeon Crawl Stone Soup version 0.30-b1-2-g02819fbbbe (webtiles) character file.

Game seed: 8255494614438807389

464 Alarkh the Insei (level 7, -1/47 HPs)
             Began as an Octopode Warper on July 9, 2023.
             Slain by an orc wizard
             ... wielding a +0 dagger
              (3 damage)
             ... on level 4 of the Dungeon.
             The game lasted 00:04:15 (2801 turns).

Alarkh the Insei (Octopode Warper)                  Turns: 2801, Time: 00:04:16

Health: -1/47      AC:  1    Str: 10    XL:     7   Next: 8%
Magic:  10/10      EV: 14    Int: 17    God:
Gold:   148        SH:  0    Dex: 12    Spells: 5/10 levels left

rFire   . .          .
                       - Unarmed
rCold   . . .        (no shield)
rNeg    + . .        (helmet restricted)
rPois   .            (no amulet)
rElec   .            i - ring of positive energy
rCorr   .            (no ring)
SInv    .            (no ring)
Will    .....        (no ring)
Stlth   +++          (no ring)
HPRegen 0.27/turn    (no ring)
MPRegen 0.12/turn    (no ring)
                     (no ring)

%: no passive effects
@: no status effects
A: almost no armour, amphibious, 8 rings, camouflage 1, gelatinous body 1,
(nimble swimmer 1), tentacles
a: no special abilities


You were on level 4 of the Dungeon.
You visited 1 branch of the dungeon, and saw 4 of its levels.

You collected 148 gold pieces.

Inventory:

Hand Weapons
 e - a +0 dagger of venom
Missiles
 b - 7 boomerangs of dispersal (quivered)
 l - a silver boomerang
Jewellery
 i - a ring of positive energy (left tentacle)
Scrolls
 a - 2 scrolls of blinking
 c - a scroll of amnesia {unknown}
 k - a scroll of vulnerability
Potions
 d - a potion of resistance
 f - a potion of attraction
 h - 3 potions of cancellation
 j - a potion of magic
 m - a potion of degeneration


   Skills:
 + Level 3.6 Fighting
 - Level 1.0 Throwing
 + Level 3.9 Dodging
 + Level 4.2 Stealth
 * Level 4.9 Unarmed Combat
 - Level 2.0 Spellcasting
 - Level 3.0 Translocations


You had 5 spell levels left.
You knew the following spells:

 Your Spells              Type           Power      Damage    Failure   Level
a - Blink                 Tloc           22%        N/A       9%          2
b - Vhi's Electric Charg  Tloc/Air       12%        N/A       30%         3

Your spell library contained the following spells:

 Spells                   Type           Power      Damage    Failure   Level
 Apportation              Tloc           22%        N/A       5%          1
 Lesser Beckoning         Tloc           22%        N/A       9%          2
 Teleport Other           Tloc           11%        N/A       17%         3
 Necrotise                Necr           4%         1d4       19%         1
 Summon Small Mammal      Summ           4%         N/A       19%         1
 Ensorcelled Hibernation  Hex/Ice        2%         N/A       28%         2
 Passwall                 Tmut/Erth      0%         N/A       28%         2
 Swiftness                Air            1%         N/A       50%         3
 Manifold Assault         Tloc           11%        N/A       50%         4


Dungeon Overview and Level Annotations

Branches:
Dungeon (4/15)
 Temple: D:4-7

Altars:
Ashenzari
Zin

Portals:
Abyss: D:4

Annotations:
D:4 2 transporters, Alarkh's ghost, amateur DsHs; Eustachio


Innate Abilities, Weirdness & Mutations

You cannot wear most types of armour.
You are amphibious.
You can wear up to eight rings at the same time.
Your skin changes colour to match your surroundings (Stealth+).
Your rubbery body absorbs attacks. (AC +1, EV +1)
((You are camouflaged when in or above water. (Stealth+)))
You have tentacles for arms and can constrict up to eight enemies at once.


Message History

You barely miss something. You miss something.
You hear some strange, mumbled words.
A magic dart appears from out of thin air!
The magic dart hits you!
You tentacle-slap the kobold. Your grab misses the kobold.
The kobold is severely wounded.
Something barely misses you. The kobold barely misses you.
You tentacle-slap the kobold but do no damage.
Your grab misses the kobold.
The kobold is severely wounded.
You hear some strange, mumbled words.
A magic dart appears from out of thin air!
The magic dart hits you!
* * * LOW HITPOINT WARNING * * *
The kobold hits you with a +0 short sword.
* * * LOW HITPOINT WARNING * * *
You bludgeon the kobold!
You kill the kobold!
Something barely misses you.
You closely miss something. Your squeeze misses something.
Something barely misses you.
You barely miss something. Your squeeze misses something. Something hits you.
* * * LOW HITPOINT WARNING * * *
You feel better. Something hits you.
* * * LOW HITPOINT WARNING * * *
You closely miss something.
Your tentacle-slap misses something.
Something barely misses you.
You closely miss something. Something hits you.
* * * LOW HITPOINT WARNING * * *
You miss something.
You hear some strange, mumbled words.
You are confused.
You feel better. Something hits you.
* * * LOW HITPOINT WARNING * * *
You closely miss something. Your squeeze misses something.
You closely miss something. Something hits you.
* * * LOW HITPOINT WARNING * * *
You tentacle-slap something. Something hits you.
You die...

########.# #.#.# ##. #
#.#.# #.. #.#.# ##..####
#.#####.#.# ##.......
#........#
........######.#####.###
...............# #.#
..>...))...†(..# #.#
......{@......######.#
......)).............#
..............########
........).....#
..............#
........#######
#########


There were no monsters in sight!

Vanquished Creatures
  Sigmund (D:3)
  A black bear (D:4)
  2 iguanas (D:4)
  Robin (D:2)
  4 gnolls
  2 adders (D:3)
  2 worms
  4 dart slugs
  6 orcs
  9 bats
  3 endoplasms
  4 giant cockroaches
  14 goblins
  5 hobgoblins
  4 jackals (D:2)
  3 quokkas
  4 ball pythons (D:1)
  6 frilled lizards
  6 kobolds
  2 rats
83 creatures vanquished.

Notes
Turn   | Place    | Note
-------+----------+-------------------------------------------
     0 | D:1      | Alarkh the Octopode Warper began the quest for the Orb.
     0 | D:1      | Reached XP level 1. HP: 14/14 MP: 3/3
   132 | D:1      | Reached XP level 2. HP: 19/19 MP: 5/5
   171 | D:1      | Reached skill level 1 in Stealth
   207 | D:1      | Learned a level 2 spell: Blink
   263 | D:1      | Reached XP level 3. HP: 20/24 MP: 6/6
   918 | D:2      | Noticed Robin
  1009 | D:2      | Killed Robin
  1010 | D:2      | Reached XP level 4. HP: 15/30 MP: 7/7
  1673 | D:3      | Noticed Sigmund
  1682 | D:3      | Killed Sigmund
  1683 | D:3      | Reached XP level 5. HP: 32/36 MP: 8/8
  1683 | D:3      | Reached XP level 6. HP: 37/42 MP: 9/9
  1706 | D:3      | Found a glowing silver altar of Zin.
  1806 | D:3      | Found a broken altar of Ashenzari.
  2256 | D:3      | Learned a level 3 spell: Vhi's Electric Charge
  2344 | D:4      | Found a one-way gate to the infinite horrors of the Abyss.
  2344 | D:4      | Noticed Alarkh's ghost (amateur DsHs)
  2345 | D:4      | Found a transporter.
  2389 | D:4      | Found a transporter.
  2390 | D:4      | Noticed a black bear
  2400 | D:4      | Killed a black bear
  2487 | D:4      | Noticed Eustachio
  2770 | D:4      | Reached XP level 7. HP: 39/46 MP: 10/10
  2790 | D:4      | HP: 1/47 [kobold/+0 short sword (5)]
  2796 | D:4      | HP: 1/47 [something (5)]
  2801 | D:4      | Slain by an orc wizard

Illustrated notes

Levels and vault maps discovered:
D:1:      dpeg_arrival_morbid_curiosity, layout_rooms,
          chequers_serial_rivers_micro_c
D:2:      layout_basic, chequers_serial_rivers_micro_b, patterned_corridor,
          uniq_robin
D:3:      layout_loops_cross, minitemple, uniq_sigmund
D:4:      layout_loops_ring, nicolae_gozag_cash_rules_everything_around_me,
          gammafunk_ghost_abyssal_escape, kennysheep_big_empty_room,
          uniq_duvessa, uniq_eustachio

Skill      XL: |  1  2  3  4  5  6 |
---------------+-------------------+-----
Stealth        | 1 2 3 4 |  4.2
Unarmed Combat | 3 4 |  4.9
Dodging        | 3 |  3.9
Fighting       | 3 |  3.6
Throwing       | |  1.0
Spellcasting   | |  2.0
Translocations | |  3.0

Action                     |  1- 3 |  4- 6 |  7- 9 || total
---------------------------+-------+-------+-------++-------
  Melee: Unarmed           |    93 |    89 |    25 ||   207
         Constrict         |    27 |    28 |     2 ||    57
         Tentacles         |    16 |    33 |     4 ||    53
         Punch             |     1 |     2 |       ||     3
    Use: Scroll            |       |     6 |       ||     6
         Potion            |       |     1 |     2 ||     3
   Stab: Sleeping          |     7 |     7 |       ||    14
 Armour: Skin              |     8 |     8 |       ||    16
  Dodge: Dodged            |    67 |    54 |    13 ||   134
